Map: Acid Plant LE

Players

Harstem

  • Race: Protoss Protoss
  • League: Master
  • Spawn Location: 11:00

GOStephano (Stephano) - Winner!

  • Race: Zerg Zerg
  • League: Master
  • Spawn Location: 5:00

Event: HomeStory Cup XVII

VOD

Have the link to the VOD?

Description

Time

  • Played on: June 28, 2018, 2:04 p.m.
  • Length: 13:15

All games in this series

Show
View Real Time Build Order
Export as new Build Order

Harstem Protoss 

Build Orders: 1 Gate Expand, Oracle Opening, Phoenix Opening 

Get SALT Encoding   

  12  0:01  Probe  
  13  0:13  Probe  
  14  0:18  Pylon  
  14  0:25  Probe  
  15  0:33  Probe  
  15  0:39  Gateway  
  15  0:41  Probe  
  16  0:49  Assimilator  
  17  0:51  Probe  
  18  1:03  Probe  
  19  1:15  Probe  
  20  1:25  Nexus  
  20  1:36  Cybernetics Core  
  20  1:39  Probe  
  21  1:45  Assimilator  
  21  1:51  Probe  
  22  1:56  Pylon  
  22  2:03  Probe  
  22  2:05  Adept  
  23  2:15  Probe  
  26  2:17  Stargate  
  26  2:27  Probe  
  29  2:39  Probe  
  29  2:41  Probe  
  29  2:45  Adept  
  29  2:49  Probe  
  31  2:51  Probe  
  31  2:54  Phoenix  
  31  2:57  Probe  
  33  3:03  Probe  
  37  3:08  Probe  
  37  3:09  Oracle  
  38  3:14  Pylon  
  38  3:15  Probe  
  42  3:20  Probe  
  43  3:27  Probe  
  43  3:32  Probe  
  45  3:38  Oracle  
  45  3:40  Probe  
  44  3:52  Pylon x2  
  44  3:59  Probe  
  44  4:00  Probe  
  38  4:03  Pylon  
  38  4:07  Oracle  
  37  4:10  Pylon  
  37  4:12  Pylon  
  37  4:14  Gateway  
  40  4:18  Probe  
  40  4:19  Probe  
  44  4:39  Gateway  
  44  4:40  Gateway  
  44  4:44  Pylon x2  
  44  4:45  Oracle  
  42  4:51  Pylon  
  42  4:57  Probe  
  46  5:03  Pylon  
  46  5:04  Pylon  
  46  5:09  Probe x2  
  48  5:21  Probe x2  
  50  5:22  Gateway  
  50  5:23  Cybernetics Core  
  50  5:29  Probe  
  50  5:33  Probe  
  52  5:37  Probe  
  52  5:39  Assimilator  
  53  5:43  Assimilator  
  53  5:45  Probe  
  53  5:47  Probe  
  53  5:48  Oracle  
  58  5:57  Probe  
  58  5:59  Probe, Pylon  
  58  6:01  Pylon  
  60  6:05  Warp Gate  
  60  6:07  Stargate  
  60  6:09  Probe  
  61  6:11  Probe  
  61  6:17  Pylon  
  62  6:21  Oracle, Probe  
  62  6:24  Probe  
  67  6:33  Probe  
  67  6:34  Zealot  
  67  6:36  Probe, Pylon  
  71  6:46  Probe  
  72  6:48  Probe  
  73  6:58  Probe  
  73  7:00  Probe  
  75  7:09  Oracle x2  
  75  7:10  Probe  
  75  7:12  Nexus, Probe  
  75  7:15  Forge, Pylon  
  83  7:18  Pylon  
  83  7:30  Fleet Beacon  
  83  7:35  Nexus  
  82  7:40  Probe  
  82  7:43  Oracle  
  83  7:44  Nexus  
  83  7:46  Oracle  
  86  7:53  Probe  
  86  7:55  Probe, Stargate  
  91  8:05  Probe  
  92  8:10  Probe  
  92  8:12  Void Ray  
  91  8:25  Zealot  
  91  8:26  Zealot x3  
  99  8:33  Probe  
  99  8:34  Probe  
  95  8:40  Pylon  
  93  8:45  Probe  
  93  8:46  Probe  
  93  8:47  Zealot x2  
  93  8:52  Pylon  
  91  8:57  Probe  
  91  8:58  Probe  
  91  9:01  Probe  
  88  9:07  Probe, Zealot x2  
  79  9:17  Carrier  
  79  9:19  Protoss Air Weapons Level 1  
  82  9:28  Nexus  
  82  9:30  Sentry  
  82  9:31  Pylon  
  83  9:36  Carrier, Sentry  
  83  9:38  Probe  
  82  9:43  Sentry  
  82  9:45  Probe  
  85  9:50  Probe, Pylon  
  86  9:56  Zealot  
  88  10:01  Probe  
  89  10:28  Graviton Catapult  
  86  10:31  Nexus  
  86  10:34  Zealot x3  
  91  10:47  Oracle  
  95  10:55  Oracle  
  97  10:58  Nexus  
  97  10:59  Zealot  
  97  11:00  Void Ray  
  97  11:02  Sentry x2, Zealot  
  109  11:08  Pylon  
  109  11:10  Pylon  
  109  11:13  Pylon  
  105  11:26  Zealot x2  
  105  11:30  Sentry, Zealot  
  87  12:07  Oracle  
  84  12:09  Sentry x4  
  92  12:18  Oracle  
  95  12:24  Oracle, Probe x3  
Show
View Real Time Build Order
Export as new Build Order

GOStephano Zerg - Winner!

Build Orders: Hatch First 

Get SALT Encoding   

  12  0:01  Drone  
  13  0:12  Overlord  
  13  0:17  Drone  
  14  0:30  Drone x2  
  16  0:48  Hatchery  
  15  0:51  Drone  
  15  0:55  Drone  
  17  0:58  Drone  
  18  1:09  Extractor  
  17  1:14  Spawning Pool  
  17  1:17  Drone  
  17  1:20  Drone  
  18  1:28  Drone  
  19  1:39  Drone  
  20  1:49  Drone  
  21  2:00  Overlord  
  21  2:01  Queen x2  
  21  2:02  Zergling x2  
  26  2:10  Metabolic Boost  
  26  2:13  Zergling x4  
  28  2:26  Overlord  
  28  2:35  Hatchery  
  27  2:37  Zergling x2  
  27  2:43  Zergling x4  
  30  2:46  Zergling x2  
  30  2:50  Zergling x2  
  32  2:56  Zergling x4  
  34  3:07  Zergling x4  
  34  3:11  Zergling x2  
  34  3:12  Zergling x6  
  40  3:18  Zergling x4  
  42  3:20  Zergling x2  
  42  3:25  Overlord  
  43  3:33  Zergling x2  
  44  3:34  Zergling x2  
  42  3:45  Zergling x4  
  42  3:48  Zergling x8  
  45  3:52  Zergling x2  
  46  3:56  Zergling x2  
  46  4:01  Zergling x4  
  47  4:06  Zergling x2  
  44  4:13  Zergling x8  
  47  4:21  Zergling x6  
  48  4:29  Evolution Chamber  
  48  4:30  Drone  
  48  4:31  Drone  
  49  4:35  Drone  
  50  4:42  Overlord  
  48  4:49  Drone x2  
  48  4:54  Drone x3  
  48  4:58  Zerg Melee Weapons Level 1  
  48  5:03  Queen  
  48  5:06  Drone  
  51  5:08  Drone  
  51  5:10  Drone  
  51  5:13  Drone  
  52  5:15  Drone  
  52  5:16  Drone  
  52  5:19  Drone  
  55  5:22  Drone  
  55  5:26  Drone x2  
  58  5:31  Spore Crawler  
  58  5:32  Spore Crawler  
  58  5:35  Queen  
  57  5:39  Spore Crawler  
  55  5:45  Drone x2  
  55  5:46  Overlord  
  57  5:53  Drone  
  57  5:55  Overlord  
  57  5:56  Lair  
  57  6:03  Queen  
  59  6:05  Drone x4  
  59  6:09  Drone x2  
  64  6:12  Drone  
  64  6:13  Overlord  
  64  6:15  Drone  
  66  6:20  Spore Crawler x2  
  66  6:23  Spore Crawler  
  66  6:25  Drone x2  
  65  6:30  Drone x3  
  68  6:34  Drone x3  
  68  6:38  Drone x3  
  74  6:48  Roach Warren  
  74  6:52  Zerg Missile Weapons Level 1, Drone x4, Extractor  
  76  6:55  Overlord  
  75  7:04  Overlord  
  73  7:13  Overlord x2  
  73  7:15  Extractor  
  70  7:24  Overlord  
  70  7:27  Roach x4  
  70  7:28  Roach x4  
  86  7:30  Zergling x8  
  86  7:36  Spine Crawler  
  89  7:40  Roach x2  
  89  7:43  Roach  
  89  7:44  Zergling x6  
  92  7:50  Zergling x6  
  95  7:57  Glial Reconstitution  
  95  7:58  Hatchery  
  94  7:59  Drone x2  
  94  8:02  Extractor  
  94  8:03  Extractor  
  94  8:08  Extractor  
  94  8:09  Roach x2  
  94  8:10  Roach  
  99  8:15  Roach x2  
  99  8:18  Roach  
  102  8:23  Zergling x16  
  102  8:26  Zergling x2  
  102  8:27  Zergling x2  
  98  8:34  Overlord  
  96  8:46  Drone x7  
  100  8:52  Drone x3  
  86  9:03  Hydralisk Den, Drone x9  
  88  9:15  Zerg Missile Weapons Level 2  
  82  9:20  Spore Crawler  
  82  9:21  Spore Crawler  
  80  9:30  Drone x5  
  85  9:37  Hydralisk x7  
  98  9:40  Muscular Augments  
  96  9:46  Spore Crawler  
  96  9:47  Spore Crawler, Hydralisk  
  96  9:51  Hydralisk  
  97  10:01  Hydralisk x4  
  100  10:15  Hydralisk x5  
  96  10:21  Hydralisk x2  
  96  10:25  Hydralisk  
  101  10:28  Hydralisk  
  101  10:32  Drone x4  
  107  10:38  Spore Crawler  
  106  10:43  Spire  
  106  10:46  Drone x2  
  106  10:47  Drone x3  
  110  10:53  Drone x2  
  110  10:54  Spore Crawler  
  111  10:59  Hydralisk x2  
  111  11:03  Grooved Spines  
  115  11:04  Drone x2  
  115  11:06  Drone  
  115  11:09  Drone x2  
  120  11:14  Hydralisk  
  120  11:15  Hydralisk  
  124  11:27  Hydralisk x6  
  124  11:32  Overlord  
  135  11:33  Overlord  
  135  11:38  Overlord  
  130  11:42  Hydralisk  
  130  11:43  Hydralisk x2  
  132  11:49  Hydralisk x3  
  132  11:52  Hydralisk  
  123  12:03  Hydralisk x3  
  125  12:20  Corruptor  
  125  12:21  Corruptor x2  
  129  12:31  Corruptor  
  129  12:35  Zergling x14  
  136  12:44  Overlord  
  136  12:45  Overlord  
  136  12:49  Overlord  
  136  12:52  Spore Crawler, Extractor  
  136  12:53  Extractor  
Tags
 
Add a new tag
Caveats
  • Supply blocks, unpowered buildings, or Contaminate may cause inaccurate times.
  • Supply counts are checked every 10 seconds.